 Dungeon Crawl Stone Soup version 0.29.1-4-g47bece8355 (webtiles) character file.

Game seed: 13435870236903944576

128 cowcol the Trooper (level 4, 0/40 HPs)
             Began as a Draconian Berserker on Dec 5, 2022.
             Was a Follower of Trog.
             Slain by Grinder (4 damage)
             ... while paralysed by Grinder
             ... on level 3 of the Dungeon.
             The game lasted 00:08:01 (2876 turns).

cowcol the Trooper (Draconian Berserker)            Turns: 2876, Time: 00:08:02

Health: 0/40       AC:  6    Str: 21    XL:     4   Next: 86%
Magic:  4/4        EV:  2    Int:  8    God:    Trog [*.....]
Gold:   176        SH:  0    Dex: 10    Spells: 3/3 levels left

rFire   . . .      SeeInvis .   j - +0 long sword
rCold   . . .      Faith    .   (no shield)
rNeg    . . .      Spirit   .   (body armour unavailable)
rPois   .          Reflect  .   (helmet restricted)
rElec   .          Harm     .   n - scarf {repulsion}
rCorr   .          Rampage  .   (no gloves)
Will    .....                   t - +0 pair of boots
Stlth   +.........              (no amulet)
HPRegen 0.13/turn               (no ring)
MPRegen 0.09/turn               (no ring)

@: paralysed, on berserk cooldown, repel missiles
A: AC +5, unfitting armour, cold-blooded
a: Renounce Religion, Berserk


You were on level 3 of the Dungeon.
You worshipped Trog.
Trog was aware of your devotion.
You visited 1 branch of the dungeon, and saw 3 of its levels.

You collected 176 gold pieces.

Inventory:

Hand Weapons
 a - a +1 hand axe
 c - a +0 spear
 f - a +0 dagger
 j - a +0 long sword (weapon)
 k - a +0 club
 l - a +0 mace
 s - a +0 flail
Missiles
 p - 15 stones (quivered)
 r - an atropa-tipped dart
Armour
 n - a scarf of repulsion (worn)
 t - a +0 pair of boots (worn)
Scrolls
 b - a scroll of poison {unknown}
 h - a scroll of noise {unknown}
 i - a scroll of fear
 o - 2 scrolls of magic mapping
 q - a scroll of butterflies
 v - a scroll of identify {unknown}
Potions
 d - a potion of mutation {unknown}
 e - a potion of attraction {unknown}
 g - a potion of heal wounds {unknown}
 m - 2 potions of brilliance
 u - a potion of curing


   Skills:
 + Level 4.0 Fighting
 * Level 1.5 Long Blades
 + Level 3.9 Axes
 + Level 3.4 Dodging
 + Level 1.2 Stealth


You had 3 spell levels left.
You didn't know any spells.
Your spell library was empty.

Dungeon Overview and Level Annotations

Branches:
Dungeon (3/15)

Altars:

Shops:
D:1 *

Annotations:
D:3 Grinder


Innate Abilities, Weirdness & Mutations

Your plain brown scales are hard. (AC +5)
You cannot fit into any form of body armour.
You are cold-blooded and may be slowed by cold attacks.


Message History

Aim: Grinder (heavily wounded, 53% to hit)
You throw a stone. The stone closely misses Grinder.
Grinder gestures at you.
You suddenly lose the ability to move!
You can move again.
Grinder attacks as you move away! Grinder closely misses you.
You hit Grinder but do no damage.
Grinder is heavily wounded.
Grinder closely misses you. x2
You closely miss Grinder.
Grinder is heavily wounded.
Grinder closely misses you. Grinder hits you!
You barely miss Grinder.
Grinder is heavily wounded.
Grinder blinks!
Grinder gestures at you. You resist with significant effort.
Grinder gestures at you. Pain shoots through your body!
You see here an atropa-tipped dart.
r - an atropa-tipped dart Grinder says, "Wait up."
Throw: 16 stones
Press: ? - help, Q - select action, (/) - cycle Shift-Dir - straight line, f/p - Grinder
Aim: Grinder (heavily wounded, 53% to hit)
You throw a stone. The stone barely misses Grinder.
You feel yourself speed up. Grinder gestures at you.
Pain shoots through your body! Grinder gestures at you.
You suddenly lose the ability to move!
Grinder completely misses you. Grinder hits you.
* * * LOW HITPOINT WARNING * * *
You writhe in agony.
* * * LOW HITPOINT WARNING * * *
Grinder hits you.
* * * LOW HITPOINT WARNING * * *
You writhe in agony.
You die...

........##.#.##..#.#
.........##>#.##..#.#
.........##...##..#.# .......
.................#..
............. #.##......#....)...
............# #..................
............# ####............#..
...>........#####5....#..........
............#...@.###.#..........
..............##### #.........#..
...........#.## ####.........#..
###....###..####...............
#.........#..††..........##....
#..##..........##.........##....
#..#.............................
.....##..............#......#....
##..# ##.......#.#.........## ...


You could see Grinder.

Vanquished Creatures
  A scorpion (D:3)
  Natasha (D:2)
  An adder (D:2)
  A dart slug (D:2)
  An orc (D:3)
  2 endoplasms (D:1)
  2 giant cockroaches (D:1)
  6 goblins
  3 hobgoblins
  3 kobolds
  A quokka (D:3)
  2 ball pythons
  6 bats
  A frilled lizard (D:1)
  4 rats
35 creatures vanquished.

Notes
Turn   | Place    | Note
-------+----------+-------------------------------------------
     0 | D:1      | cowcol the Draconian Berserker began the quest for the Orb.
     0 | D:1      | Reached XP level 1. HP: 19/19 MP: 1/1
    73 | D:1      | Found Kof Jym's General Store.
    82 | D:1      | Found a faded altar of an unknown god.
   236 | D:1      | Reached XP level 2. HP: 20/26 MP: 2/2
  1388 | D:2      | Identified the +2 robe of the Lizard {+Blink +Inv rPois}
  1602 | D:2      | Reached XP level 3. HP: 33/33 MP: 3/3
  2152 | D:2      | Noticed Natasha
  2165 | D:2      | Killed Natasha
  2166 | D:2      | Reached skill level 1 in Long Blades
  2166 | D:2      | Reached XP level 4. HP: 29/40 MP: 4/4
  2507 | D:3      | Noticed Grinder
  2508 | D:3      | Paralysed by Grinder for 4 turns
  2514 | D:3      | Reached ** piety under Trog
  2528 | D:3      | Paralysed by Grinder for 5 turns
  2768 | D:3      | Noticed a scorpion
  2790 | D:3      | Killed a scorpion
  2791 | D:3      | Reached skill level 4 in Fighting
  2791 | D:3      | Reached skill level 1 in Stealth
  2854 | D:3      | Paralysed by Grinder for 3 turns
  2861 | D:3      | Paralysed by Grinder for 2 turns
  2873 | D:3      | Paralysed by Grinder for 4 turns
  2876 | D:3      | Slain by Grinder

Illustrated notes

Levels and vault maps discovered:
D:1:      heliophobic_arrival_glass_houses, layout_loops_ring,
          chequers_ecumenical_altar_island, serial_shops,
          nicolae_shop_waterfront, minivault_26
D:2:      layout_basic, uniq_natasha
D:3:      layout_rooms, uniq_sigmund, uniq_grinder

Skill      XL: |  1  2  3  4 |
---------------+-------------+-----
Dodging        | 3 |  3.4
Long Blades    | 1 |  1.5
Fighting       | 4 |  4.0
Stealth        | 1 |  1.2
Axes           | |  3.9

Action                   |  1- 3 |  4- 6 || total
-------------------------+-------+-------++-------
Melee: Hand axe          |    93 |       ||    93
       Tailslap          |     6 |     3 ||     9
       Long sword        |       |    34 ||    34
Throw: Dart              |     1 |     5 ||     6
       Stone             |       |     5 ||     5
Invok: Berserk           |     1 |     3 ||     4
       Trog's Hand       |       |     1 ||     1
  Use: Scroll            |     3 |     1 ||     4
 Stab: Sleeping          |     2 |       ||     2
Armor: Skin              |    41 |     8 ||    49
Dodge: Dodged            |    63 |    35 ||    98
